BlackHawks vs Ducks

Created - November 25 2010 at 17:55

Goals
1 2 3 T
BlackHawks 2 0 1 3
Ducks 2 2 2 6
Shots
1 2 3 T
BlackHawks 4 4 8 16
Ducks 21 11 12 44

Period #1

1. Ducks , David Clarkson 7 (Andy McDonald) at 1:05
2. BlackHawks , Paul Kariya 3 (Tim Gleason, Chris Neil) at 11:30
3. Ducks , Andy McDonald 10 (Nick Schultz, Jose Theodore) at 15:38 (PP)
4. BlackHawks , Patrick Kane 9 (Mattias Ohlund, Patrick Sharp) at 18:55

Penalties :
John Erskine (CHI) for Hooking (Minor) at 1:33, John Erskine (CHI) for Tripping (Minor) at 3:50, Ron Hainsey (CHI) for Tripping (Minor) at 6:04, Zenon Konopka (CHI) for Delaying the game (Minor) at 15:14, David Perron (ANA) for Diving (Minor) at 19:10, Christian Hanson (ANA) for Hooking (Minor) at 19:15

Period #2

5. Ducks , Marc-Edouard Vlasic 1 (Kurtis Foster, Jonathan Toews) at 6:43 (PP)
6. Ducks , David Clarkson 8 (Andy McDonald, Richard Park) at 10:36 (PP)

Penalties :
Chris Neil (CHI) for Hooking (Minor) at 5:36, Marc-Edouard Vlasic (ANA) for Slashing (Minor) at 7:02, John Erskine (CHI) for Hooking (Minor) at 9:09, Kurtis Foster (ANA) for Tripping (Minor) at 14:14, Chris Campoli (CHI) for High sticking (Minor) at 17:51

Period #3

7. Ducks , Andy McDonald 11 (Tom Poti) at 1:37 (PP)
8. Ducks , Rob Scuderi 2 (David Perron, Jakub Voracek) at 1:51
9. BlackHawks , Tyler Kennedy 5 (Ron Hainsey) at 10:35

Penalties :
Adam Foote (CHI) for Hooking (Minor) at 0:09, Josh Bailey (CHI) for Hooking (Minor) at 2:05, Nick Schultz (ANA) for Slashing (Minor) at 11:18, Manny Malhotra (ANA) for Fighting (Major) at 14:35, Mattias Ohlund (CHI) for Fighting (Major) at 14:35, Chris Neil (CHI) for Roughing (Minor) at 14:53, Christian Hanson (ANA) for Roughing (Minor) at 18:14, Chris Neil (CHI) for Hooking (Minor) at 19:03

Goalie Stats

Cristobal Huet (CHI), 38 saves from 44 shots - (0.864), L, 5-13-2, 60:00 minutes
Jonas Hiller (ANA), 7 saves from 7 shots - (1.000), 9:25 minutes
Jose Theodore (ANA), 6 saves from 9 shots - (0.667), W, 11-0-1, 50:35 minutes

Players Stats

BlackHawks
Player Name              G  A  P  +/- PIM S  H  SB FO    MP 
------------------------------------------------------------
Adam Foote               0  0  0   0  2   1  5  1  0/0   22 
Artem Anisimov           0  0  0   1  0   0  1  0  3/9   6  
Chris Campoli            0  0  0  -1  2   0  0  1  0/0   8  
Chris Neil               0  1  1   1  6   2  0  1  1/1   13 
Hal Gill                 0  0  0   1  0   1  0  4  0/0   20 
John Erskine             0  0  0   0  6   1  5  0  0/0   15 
Josh Bailey              0  0  0   0  2   0  0  0  0/3   15 
Mattias Ohlund           0  1  1   1  5   0  0  1  0/0   17 
Patrick Kane             1  0  1   0  0   2  0  0  6/13  24 
Patrick Sharp            0  1  1   1  0   2  0  0  1/1   19 
Paul Kariya              1  0  1   1  0   2  0  0  8/18  20 
Petr Sykora              0  0  0  -1  0   0  0  0  0/0   9  
Ron Hainsey              0  1  1   0  2   0  0  0  0/0   17 
Samuel Pahlsson          0  0  0   1  0   1  1  0  11/23 20 
Tim Gleason              0  1  1   1  0   1  0  5  0/0   20 
Tyler Kennedy            1  0  1   0  0   2  0  0  0/0   14 
Wayne Primeau            0  0  0   0  0   1  1  0  11/21 16 
Zenon Konopka            0  0  0  -1  2   0  3  0  2/8   8  
Ducks
Player Name              G  A  P  +/- PIM S  H  SB FO    MP 
------------------------------------------------------------
Andy McDonald            2  2  4   1  0   6  0  0  14/28 18 
Bobby Ryan               0  0  0  -1  0   6  0  0  0/0   16 
Bryan Little             0  0  0   0  0   1  0  0  1/2   6  
Christian Hanson         0  0  0   0  4   2  1  0  5/12  9  
David Clarkson           2  0  2   1  0   3  5  0  1/3   18 
David Perron             0  1  1  -1  2   2  0  0  0/0   13 
Dominic Moore            0  0  0   0  0   1  0  0  0/2   10 
Dustin Byfuglien         0  0  0  -1  0   2  4  0  0/0   16 
Henrik Tallinder         0  0  0   1  0   1  0  2  0/0   18 
Jakub Voracek            0  1  1  -1  0   1  1  0  1/1   13 
Jonathan Toews           0  1  1  -2  0   4  0  0  18/28 19 
Kurtis Foster            0  1  1  -1  2   1  0  0  0/0   19 
Manny Malhotra           0  0  0   0  5   0  3  0  13/20 14 
Marc-Edouard Vlasic      1  0  1  -1  2   3  0  1  0/0   22 
Nick Schultz             0  1  1   1  2   3  1  1  0/0   21 
Richard Park             0  1  1   1  0   5  0  0  1/1   20 
Rob Scuderi              1  0  1  -1  0   1  4  2  0/0   16 
Tom Poti                 0  1  1  -1  0   2  0  3  0/0   22 

3 Stars

1 - Andy McDonald (ANA)
2 - David Clarkson (ANA)
3 - Rob Scuderi (ANA)

Power Play

BlackHawks - 0 on 6 Attempt(s) - 0.00%
Ducks - 4 on 11 Attempt(s) - 36.36%

Penalty Kill

BlackHawks - 7 on 11 Attempt(s) - 63.64% - Score 0 goal in Penalty Kill
Ducks - 6 on 6 Attempt(s) - 100.00% - Score 0 goal in Penalty Kill

Game Notes

Jonas Hiller enters game at 10:35 of 3rd period
Manny Malhotra and Mattias Ohlund fight to a draw at 14:35 of 3rd period

Finance

Level 1 -- Attendance: 5054 (77.75%) -- Ticket Income $505,400.00
Level 2 -- Attendance: 3348 (66.96%) -- Ticket Income $200,880.00
Level 3 -- Attendance: 2901 (82.89%) -- Ticket Income $101,535.00
Level 4 -- Attendance: 1174 (100.00%) -- Ticket Income $23,480.00
Luxury Box -- Attendance: 747 (74.70%) -- Ticket Income $149,400.00
Game was played at the Honda Center
Total Attendance: 13224 (77.00%)
Total Ticket Income: $1,009,306.00
Other Income: $205,206.30
Total Income: $1,214,512.00


Play by Play

Period #1

0:01 of 1st period - Jonathan Toews wins face-off versus Artem Anisimov in neutral zone.
0:17 of 1st period - Jonathan Toews is hit by Adam Foote and loses puck.
0:29 of 1st period - Shot by Bobby Ryan.
0:29 of 1st period - Stopped by Cristobal Huet without a rebound.
0:30 of 1st period - Samuel Pahlsson wins face-off versus Andy McDonald in BlackHawks zone.
0:30 of 1st period - Samuel Pahlsson is hit by David Clarkson.
0:33 of 1st period - Icing by Chris Neil.
0:34 of 1st period - Manny Malhotra wins face-off versus Samuel Pahlsson in BlackHawks zone.
0:55 of 1st period - Rob Scuderi is hit by Samuel Pahlsson and loses puck.
1:01 of 1st period - Off-side.
1:02 of 1st period - Andy McDonald wins face-off versus Wayne Primeau in neutral zone.
1:05 of 1st period - Shot by David Clarkson.
1:05 of 1st period - Goal by David Clarkson - BlackHawks : 0 - Ducks : 1.
1:06 of 1st period - Jonathan Toews wins face-off versus Artem Anisimov in neutral zone.
1:19 of 1st period - Shot by Bobby Ryan.
1:19 of 1st period - Stopped by Cristobal Huet without a rebound.
1:20 of 1st period - Wayne Primeau wins face-off versus David Clarkson in BlackHawks zone.
1:20 of 1st period - Wayne Primeau is hit by David Clarkson.
1:33 of 1st period - Minor Penalty to John Erskine for Hooking.
1:34 of 1st period - Paul Kariya wins face-off versus Jonathan Toews in BlackHawks zone.
1:42 of 1st period - Icing by Kurtis Foster.
1:43 of 1st period - Jonathan Toews wins face-off versus Paul Kariya in Ducks zone.
1:53 of 1st period - Shot by Jonathan Toews.
1:53 of 1st period - Stopped by Cristobal Huet with a rebound.
2:42 of 1st period - Icing by Richard Park.
2:43 of 1st period - Andy McDonald wins face-off versus Patrick Kane in Ducks zone.
2:55 of 1st period - Shot by Nick Schultz.
2:55 of 1st period - Shot Blocked by Mattias Ohlund.
2:57 of 1st period - Shot by Andy McDonald.
2:57 of 1st period - Stopped by Cristobal Huet without a rebound.
2:58 of 1st period - Paul Kariya wins face-off versus Jonathan Toews in BlackHawks zone.
3:13 of 1st period - Shot by Marc-Edouard Vlasic.
3:13 of 1st period - Shot Misses the Net.
3:17 of 1st period - Shot by Marc-Edouard Vlasic.
3:17 of 1st period - Shot Misses the Net.
3:19 of 1st period - Shot by Bobby Ryan.
3:19 of 1st period - Stopped by Cristobal Huet without a rebound.
3:20 of 1st period - Patrick Kane wins face-off versus Andy McDonald in BlackHawks zone.
3:20 of 1st period - Patrick Kane is hit by David Clarkson.
3:31 of 1st period - Icing by David Clarkson.
3:32 of 1st period - Paul Kariya wins face-off versus Andy McDonald in Ducks zone.
3:50 of 1st period - Minor Penalty to John Erskine for Tripping.
3:51 of 1st period - Andy McDonald wins face-off versus Paul Kariya in BlackHawks zone.
3:56 of 1st period - Shot by Nick Schultz.
3:56 of 1st period - Shot Misses the Net.
4:00 of 1st period - Shot by Richard Park.
4:00 of 1st period - Shot Blocked by Hal Gill.
4:02 of 1st period - Shot by Nick Schultz.
4:02 of 1st period - Stopped by Cristobal Huet with a rebound.
4:06 of 1st period - Shot by Richard Park.
4:06 of 1st period - Shot Blocked by Tim Gleason.
4:16 of 1st period - Shot by Richard Park.
4:16 of 1st period - Shot Misses the Net.
4:20 of 1st period - Shot by Richard Park.
4:20 of 1st period - Stopped by Cristobal Huet without a rebound.
4:21 of 1st period - Jonathan Toews wins face-off versus Patrick Kane in BlackHawks zone.
5:56 of 1st period - Wayne Primeau is hit by Jakub Voracek and loses puck.
6:04 of 1st period - Minor Penalty to Ron Hainsey for Tripping.
6:05 of 1st period - Patrick Kane wins face-off versus Jonathan Toews in BlackHawks zone.
7:45 of 1st period - Shot by Richard Park.
7:45 of 1st period - Shot Misses the Net.
7:47 of 1st period - Shot by Tom Poti.
7:47 of 1st period - Stopped by Cristobal Huet with a rebound.
7:51 of 1st period - Shot by David Clarkson.
7:51 of 1st period - Stopped by Cristobal Huet without a rebound.
7:52 of 1st period - Paul Kariya wins face-off versus Andy McDonald in BlackHawks zone.
8:11 of 1st period - Shot by Jakub Voracek.
8:11 of 1st period - Shot Misses the Net.
8:19 of 1st period - Henrik Tallinder is hit by John Erskine and loses puck.
9:08 of 1st period - Icing by Tom Poti.
9:09 of 1st period - Samuel Pahlsson wins face-off versus Andy McDonald in Ducks zone.
9:24 of 1st period - Shot by Samuel Pahlsson.
9:24 of 1st period - Shot Misses the Net.
10:12 of 1st period - Shot by Dominic Moore.
10:12 of 1st period - Shot Misses the Net.
10:14 of 1st period - Shot by Christian Hanson.
10:14 of 1st period - Shot Misses the Net.
10:16 of 1st period - Shot by Manny Malhotra.
10:16 of 1st period - Shot Misses the Net.
10:18 of 1st period - Shot by Christian Hanson.
10:18 of 1st period - Deflect By Dominic Moore.
10:18 of 1st period - Shot Misses the Net.
10:20 of 1st period - Shot by Henrik Tallinder.
10:20 of 1st period - Shot Misses the Net.
10:24 of 1st period - Shot by Christian Hanson.
10:24 of 1st period - Stopped by Cristobal Huet without a rebound.
10:25 of 1st period - Zenon Konopka wins face-off versus Andy McDonald in BlackHawks zone.
10:29 of 1st period - Off-side.
10:30 of 1st period - Jonathan Toews wins face-off versus Zenon Konopka in neutral zone.
10:33 of 1st period - Shot by David Perron.
10:33 of 1st period - Shot Misses the Net.
11:12 of 1st period - Tim Gleason is hit by Rob Scuderi and loses puck.
11:17 of 1st period - Shot by Paul Kariya.
11:17 of 1st period - Shot Blocked by Rob Scuderi.
11:30 of 1st period - Shot by Paul Kariya.
11:30 of 1st period - Goal by Paul Kariya - BlackHawks : 1 - Ducks : 1.
11:31 of 1st period - Wayne Primeau wins face-off versus Christian Hanson in neutral zone.
11:33 of 1st period - Off-side.
11:34 of 1st period - Christian Hanson wins face-off versus Wayne Primeau in neutral zone.
11:51 of 1st period - Shot by Bryan Little.
11:51 of 1st period - Stopped by Cristobal Huet with a rebound.
11:55 of 1st period - Shot by Marc-Edouard Vlasic.
11:55 of 1st period - Stopped by Cristobal Huet without a rebound.
11:56 of 1st period - Samuel Pahlsson wins face-off versus David Clarkson in BlackHawks zone.
12:05 of 1st period - Shot by Andy McDonald.
12:05 of 1st period - Stopped by Cristobal Huet with a rebound.
12:07 of 1st period - Shot by Henrik Tallinder.
12:07 of 1st period - Shot Blocked by Tim Gleason.
12:09 of 1st period - Shot by Richard Park.
12:09 of 1st period - Stopped by Cristobal Huet without a rebound.
12:10 of 1st period - Artem Anisimov wins face-off versus Christian Hanson in BlackHawks zone.
12:49 of 1st period - Icing by Patrick Kane.
12:50 of 1st period - Artem Anisimov wins face-off versus Andy McDonald in BlackHawks zone.
13:26 of 1st period - Shot by Richard Park.
13:26 of 1st period - Shot Blocked by Tim Gleason.
14:22 of 1st period - Kurtis Foster is hit by John Erskine.
14:24 of 1st period - Shot by Jakub Voracek.
14:24 of 1st period - Stopped by Cristobal Huet without a rebound.
14:25 of 1st period - Wayne Primeau wins face-off versus Jonathan Toews in BlackHawks zone.
14:34 of 1st period - John Erskine is hit by Dustin Byfuglien and loses puck.
14:45 of 1st period - Shot by Jonathan Toews.
14:45 of 1st period - Shot Misses the Net.
14:49 of 1st period - Shot by Jonathan Toews.
14:49 of 1st period - Shot Misses the Net.
14:51 of 1st period - Shot by Jonathan Toews.
14:51 of 1st period - Shot Misses the Net.
14:53 of 1st period - Shot by Marc-Edouard Vlasic.
14:53 of 1st period - Shot Misses the Net.
15:14 of 1st period - Minor Penalty to Zenon Konopka for Delaying the game.
15:15 of 1st period - Andy McDonald wins face-off versus Patrick Kane in BlackHawks zone.
15:16 of 1st period - Shot by Nick Schultz.
15:16 of 1st period - Shot Misses the Net.
15:38 of 1st period - Shot by Andy McDonald.
15:38 of 1st period - Goal by Andy McDonald - BlackHawks : 1 - Ducks : 2.
15:39 of 1st period - Manny Malhotra wins face-off versus Zenon Konopka in neutral zone.
15:43 of 1st period - Jakub Voracek is hit by Adam Foote and loses puck.
15:50 of 1st period - Shot by Jakub Voracek.
15:50 of 1st period - Shot Misses the Net.
16:16 of 1st period - Shot by David Perron.
16:16 of 1st period - Stopped by Cristobal Huet without a rebound.
16:17 of 1st period - Samuel Pahlsson wins face-off versus Bryan Little in BlackHawks zone.
16:43 of 1st period - Icing by Tom Poti.
16:44 of 1st period - Wayne Primeau wins face-off versus Christian Hanson in Ducks zone.
16:53 of 1st period - Shot by Tyler Kennedy.
16:53 of 1st period - Deflect By Wayne Primeau.
16:53 of 1st period - Shot Misses the Net.
16:55 of 1st period - Shot by Tyler Kennedy.
16:55 of 1st period - Stopped by Jose Theodore without a rebound.
16:56 of 1st period - Andy McDonald wins face-off versus Wayne Primeau in Ducks zone.
16:56 of 1st period - Andy McDonald is hit by Wayne Primeau.
17:03 of 1st period - Icing by John Erskine.
17:04 of 1st period - Manny Malhotra wins face-off versus Wayne Primeau in BlackHawks zone.
17:20 of 1st period - Josh Bailey is hit by Rob Scuderi and loses puck.
18:14 of 1st period - Andy McDonald is hit by John Erskine and loses puck.
18:19 of 1st period - Shot by Richard Park.
18:19 of 1st period - Shot Misses the Net.
18:21 of 1st period - Shot by Henrik Tallinder.
18:21 of 1st period - Stopped by Cristobal Huet without a rebound.
18:22 of 1st period - Jonathan Toews wins face-off versus Artem Anisimov in BlackHawks zone.
18:23 of 1st period - Shot by Bobby Ryan.
18:23 of 1st period - Stopped by Cristobal Huet without a rebound.
18:24 of 1st period - Jonathan Toews wins face-off versus Artem Anisimov in BlackHawks zone.
18:27 of 1st period - Shot by Jonathan Toews.
18:27 of 1st period - Shot Misses the Net.
18:49 of 1st period - Shot by Artem Anisimov.
18:49 of 1st period - Shot Blocked by Marc-Edouard Vlasic.
18:51 of 1st period - Shot by Patrick Sharp.
18:51 of 1st period - Stopped by Jose Theodore with a rebound.
18:55 of 1st period - Shot by Patrick Kane.
18:55 of 1st period - Goal by Patrick Kane - BlackHawks : 2 - Ducks : 2.
18:56 of 1st period - Andy McDonald wins face-off versus Paul Kariya in neutral zone.
19:05 of 1st period - Shot by Richard Park.
19:05 of 1st period - Stopped by Cristobal Huet without a rebound.
19:06 of 1st period - Paul Kariya wins face-off versus Manny Malhotra in BlackHawks zone.
19:08 of 1st period - Icing by Tim Gleason.
19:09 of 1st period - Samuel Pahlsson wins face-off versus Manny Malhotra in BlackHawks zone.
19:09 of 1st period - Samuel Pahlsson is hit by Manny Malhotra.
19:10 of 1st period - Minor Penalty to David Perron for Diving.
19:11 of 1st period - Christian Hanson wins face-off versus Samuel Pahlsson in Ducks zone.
19:15 of 1st period - Minor Penalty to Christian Hanson for Hooking.
19:16 of 1st period - Jonathan Toews wins face-off versus Samuel Pahlsson in Ducks zone.

Period #2

0:01 of 2nd period - Manny Malhotra wins face-off versus Samuel Pahlsson in neutral zone.
0:20 of 2nd period - Shot by Patrick Sharp.
0:20 of 2nd period - Stopped by Jose Theodore with a rebound.
0:35 of 2nd period - Off-side.
0:36 of 2nd period - Manny Malhotra wins face-off versus Wayne Primeau in neutral zone.
0:42 of 2nd period - Icing by Paul Kariya.
0:43 of 2nd period - Wayne Primeau wins face-off versus Manny Malhotra in BlackHawks zone.
0:43 of 2nd period - Wayne Primeau is hit by Manny Malhotra.
1:03 of 2nd period - Shot by Tim Gleason.
1:03 of 2nd period - Shot Misses the Net.
1:05 of 2nd period - Shot by Hal Gill.
1:05 of 2nd period - Stopped by Jose Theodore without a rebound.
1:06 of 2nd period - Samuel Pahlsson wins face-off versus Jonathan Toews in Ducks zone.
1:33 of 2nd period - Josh Bailey is hit by Rob Scuderi and loses puck.
1:42 of 2nd period - Shot by Tyler Kennedy.
1:42 of 2nd period - Shot Blocked by Rob Scuderi.
2:23 of 2nd period - Shot by Patrick Kane.
2:23 of 2nd period - Shot Misses the Net.
2:25 of 2nd period - Shot by Adam Foote.
2:25 of 2nd period - Stopped by Jose Theodore without a rebound.
2:26 of 2nd period - Samuel Pahlsson wins face-off versus Jonathan Toews in Ducks zone.
2:48 of 2nd period - Shot by Bobby Ryan.
2:48 of 2nd period - Shot Blocked by Chris Neil.
3:59 of 2nd period - Shot by Patrick Sharp.
3:59 of 2nd period - Shot Misses the Net.
4:29 of 2nd period - Shot by Dominic Moore.
4:29 of 2nd period - Stopped by Cristobal Huet without a rebound.
4:30 of 2nd period - Bryan Little wins face-off versus Zenon Konopka in BlackHawks zone.
4:46 of 2nd period - Ron Hainsey is hit by Christian Hanson and loses puck.
5:36 of 2nd period - Minor Penalty to Chris Neil for Hooking.
5:37 of 2nd period - Jonathan Toews wins face-off versus Samuel Pahlsson in BlackHawks zone.
5:38 of 2nd period - Shot by Bobby Ryan.
5:38 of 2nd period - Shot Misses the Net.
5:42 of 2nd period - Shot by Kurtis Foster.
5:42 of 2nd period - Deflect By Bobby Ryan.
5:42 of 2nd period - Shot Misses the Net.
5:54 of 2nd period - Shot by Bobby Ryan.
5:54 of 2nd period - Stopped by Cristobal Huet without a rebound.
5:55 of 2nd period - Paul Kariya wins face-off versus Andy McDonald in BlackHawks zone.
5:55 of 2nd period - Paul Kariya is hit by David Clarkson.
6:41 of 2nd period - Shot by Kurtis Foster.
6:41 of 2nd period - Shot Blocked by Hal Gill.
6:43 of 2nd period - Shot by Marc-Edouard Vlasic.
6:43 of 2nd period - Goal by Marc-Edouard Vlasic - BlackHawks : 2 - Ducks : 3.
6:44 of 2nd period - Manny Malhotra wins face-off versus Wayne Primeau in neutral zone.
6:46 of 2nd period - Kurtis Foster is hit by John Erskine.
6:49 of 2nd period - Icing by John Erskine.
6:50 of 2nd period - Wayne Primeau wins face-off versus Christian Hanson in BlackHawks zone.
7:02 of 2nd period - Minor Penalty to Marc-Edouard Vlasic for Slashing.
7:03 of 2nd period - Christian Hanson wins face-off versus Wayne Primeau in Ducks zone.
7:09 of 2nd period - Icing by Tim Gleason.
7:10 of 2nd period - Wayne Primeau wins face-off versus Manny Malhotra in BlackHawks zone.
8:43 of 2nd period - Shot by Tim Gleason.
8:43 of 2nd period - Stopped by Jose Theodore without a rebound.
8:44 of 2nd period - Samuel Pahlsson wins face-off versus Dominic Moore in Ducks zone.
9:02 of 2nd period - Icing by Patrick Sharp.
9:03 of 2nd period - Jonathan Toews wins face-off versus Zenon Konopka in BlackHawks zone.
9:05 of 2nd period - Dustin Byfuglien is hit by John Erskine and loses puck.
9:09 of 2nd period - Minor Penalty to John Erskine for Hooking.
9:10 of 2nd period - Jonathan Toews wins face-off versus Paul Kariya in BlackHawks zone.
10:12 of 2nd period - Shot by Nick Schultz.
10:12 of 2nd period - Stopped by Cristobal Huet with a rebound.
10:14 of 2nd period - Shot by Tom Poti.
10:14 of 2nd period - Shot Blocked by Tim Gleason.
10:16 of 2nd period - Shot by Richard Park.
10:16 of 2nd period - Stopped by Cristobal Huet without a rebound.
10:17 of 2nd period - Andy McDonald wins face-off versus Patrick Kane in BlackHawks zone.
10:26 of 2nd period - Shot by Andy McDonald.
10:26 of 2nd period - Shot Misses the Net.
10:28 of 2nd period - Shot by Tom Poti.
10:28 of 2nd period - Stopped by Cristobal Huet with a rebound.
10:32 of 2nd period - Shot by Andy McDonald.
10:32 of 2nd period - Deflect By David Clarkson.
10:32 of 2nd period - Shot Misses the Net.
10:36 of 2nd period - Shot by David Clarkson.
10:36 of 2nd period - Goal by David Clarkson - BlackHawks : 2 - Ducks : 4.
10:37 of 2nd period - Manny Malhotra wins face-off versus Wayne Primeau in neutral zone.
11:07 of 2nd period - Wayne Primeau is hit by Manny Malhotra and loses puck.
11:32 of 2nd period - Dominic Moore is hit by Zenon Konopka and loses puck.
11:40 of 2nd period - Shot by Christian Hanson.
11:40 of 2nd period - Stopped by Cristobal Huet without a rebound.
11:41 of 2nd period - David Clarkson wins face-off versus Samuel Pahlsson in BlackHawks zone.
12:00 of 2nd period - Paul Kariya is hit by Nick Schultz and loses puck.
12:56 of 2nd period - Patrick Kane is hit by David Clarkson and loses puck.
13:38 of 2nd period - Off-side.
13:39 of 2nd period - Jonathan Toews wins face-off versus Samuel Pahlsson in neutral zone.
13:48 of 2nd period - Shot by Jonathan Toews.
13:48 of 2nd period - Stopped by Cristobal Huet with a rebound.
13:55 of 2nd period - Icing by Tim Gleason.
13:56 of 2nd period - Manny Malhotra wins face-off versus Samuel Pahlsson in BlackHawks zone.
14:14 of 2nd period - Minor Penalty to Kurtis Foster for Tripping.
14:15 of 2nd period - Manny Malhotra wins face-off versus Samuel Pahlsson in Ducks zone.
14:30 of 2nd period - Shot by Ron Hainsey.
14:30 of 2nd period - Shot Blocked by Tom Poti.
15:27 of 2nd period - Off-side.
15:28 of 2nd period - Wayne Primeau wins face-off versus Manny Malhotra in neutral zone.
15:42 of 2nd period - Shot by Adam Foote.
15:42 of 2nd period - Shot Misses the Net.
15:55 of 2nd period - Icing by Wayne Primeau.
15:56 of 2nd period - Christian Hanson wins face-off versus Wayne Primeau in BlackHawks zone.
16:42 of 2nd period - Shot by Jakub Voracek.
16:42 of 2nd period - Shot Misses the Net.
16:55 of 2nd period - Icing by Ron Hainsey.
16:56 of 2nd period - Chris Neil wins face-off versus Christian Hanson in BlackHawks zone.
17:51 of 2nd period - Minor Penalty to Chris Campoli for High sticking.
17:52 of 2nd period - Andy McDonald wins face-off versus Paul Kariya in BlackHawks zone.
18:16 of 2nd period - Shot by Nick Schultz.
18:16 of 2nd period - Shot Blocked by Tim Gleason.
18:18 of 2nd period - Shot by Richard Park.
18:18 of 2nd period - Shot Blocked by Hal Gill.
18:20 of 2nd period - Shot by Richard Park.
18:20 of 2nd period - Stopped by Cristobal Huet without a rebound.
18:21 of 2nd period - Patrick Kane wins face-off versus Jonathan Toews in BlackHawks zone.
18:30 of 2nd period - Mattias Ohlund is hit by Dustin Byfuglien and loses puck.
18:56 of 2nd period - Shot by Bobby Ryan.
18:56 of 2nd period - Stopped by Cristobal Huet without a rebound.
18:57 of 2nd period - Paul Kariya wins face-off versus Andy McDonald in BlackHawks zone.
19:05 of 2nd period - Off-side.
19:06 of 2nd period - Andy McDonald wins face-off versus Paul Kariya in neutral zone.
19:26 of 2nd period - Andy McDonald is hit by Adam Foote and loses puck.

Period #3

0:01 of 3rd period - Jonathan Toews wins face-off versus Artem Anisimov in neutral zone.
0:03 of 3rd period - Dustin Byfuglien is hit by Adam Foote and loses puck.
0:08 of 3rd period - Shot by Jonathan Toews.
0:08 of 3rd period - Shot Hit the Post.
0:09 of 3rd period - Minor Penalty to Adam Foote for Hooking.
0:10 of 3rd period - Richard Park wins face-off versus Paul Kariya in BlackHawks zone.
0:11 of 3rd period - Shot by Nick Schultz.
0:11 of 3rd period - Stopped by Cristobal Huet without a rebound.
0:12 of 3rd period - Jonathan Toews wins face-off versus Paul Kariya in BlackHawks zone.
1:27 of 3rd period - Icing by Andy McDonald.
1:28 of 3rd period - Patrick Kane wins face-off versus Andy McDonald in Ducks zone.
1:31 of 3rd period - Shot by Patrick Sharp.
1:31 of 3rd period - Shot Misses the Net.
1:37 of 3rd period - Shot by Andy McDonald.
1:37 of 3rd period - Goal by Andy McDonald - BlackHawks : 2 - Ducks : 5.
1:38 of 3rd period - Zenon Konopka wins face-off versus Manny Malhotra in neutral zone.
1:49 of 3rd period - Shot by David Perron.
1:49 of 3rd period - Shot Blocked by Chris Campoli.
1:51 of 3rd period - Shot by Rob Scuderi.
1:51 of 3rd period - Goal by Rob Scuderi - BlackHawks : 2 - Ducks : 6.
1:52 of 3rd period - Christian Hanson wins face-off versus Wayne Primeau in neutral zone.
2:05 of 3rd period - Minor Penalty to Josh Bailey for Hooking.
2:06 of 3rd period - Jonathan Toews wins face-off versus Patrick Kane in BlackHawks zone.
2:22 of 3rd period - Shot by Jonathan Toews.
2:22 of 3rd period - Stopped by Cristobal Huet with a rebound.
2:24 of 3rd period - Shot by Jonathan Toews.
2:24 of 3rd period - Deflect By Dustin Byfuglien.
2:24 of 3rd period - Stopped by Cristobal Huet with a rebound.
3:07 of 3rd period - Shot by Andy McDonald.
3:07 of 3rd period - Stopped by Cristobal Huet without a rebound.
3:08 of 3rd period - Patrick Kane wins face-off versus Andy McDonald in BlackHawks zone.
3:31 of 3rd period - Shot by Patrick Kane.
3:31 of 3rd period - Shot Misses the Net.
3:33 of 3rd period - Shot by Patrick Sharp.
3:33 of 3rd period - Shot Blocked by Tom Poti.
4:30 of 3rd period - John Erskine is hit by Rob Scuderi and loses puck.
5:51 of 3rd period - Christian Hanson is hit by Zenon Konopka.
6:47 of 3rd period - Icing by Adam Foote.
6:48 of 3rd period - Manny Malhotra wins face-off versus Zenon Konopka in BlackHawks zone.
7:43 of 3rd period - Shot by Andy McDonald.
7:43 of 3rd period - Shot Misses the Net.
7:45 of 3rd period - Shot by Richard Park.
7:45 of 3rd period - Shot Misses the Net.
7:47 of 3rd period - Shot by David Clarkson.
7:47 of 3rd period - Shot Misses the Net.
7:51 of 3rd period - Shot by Henrik Tallinder.
7:51 of 3rd period - Shot Misses the Net.
8:07 of 3rd period - Shot by Dustin Byfuglien.
8:07 of 3rd period - Stopped by Cristobal Huet without a rebound.
8:08 of 3rd period - Jakub Voracek wins face-off versus Samuel Pahlsson in BlackHawks zone.
8:13 of 3rd period - Shot by Jakub Voracek.
8:13 of 3rd period - Shot Misses the Net.
8:33 of 3rd period - Shot by David Perron.
8:33 of 3rd period - Shot Blocked by Hal Gill.
9:52 of 3rd period - Off-side.
9:53 of 3rd period - Manny Malhotra wins face-off versus Paul Kariya in neutral zone.
10:35 of 3rd period - Shot by Tyler Kennedy.
10:35 of 3rd period - Goal by Tyler Kennedy - BlackHawks : 3 - Ducks : 6.
10:35 of 3rd period - Jonas Hiller enters game.
10:36 of 3rd period - Wayne Primeau wins face-off versus Andy McDonald in neutral zone.
10:49 of 3rd period - Icing by Ron Hainsey.
10:50 of 3rd period - Jonathan Toews wins face-off versus Josh Bailey in BlackHawks zone.
11:17 of 3rd period - Shot by Paul Kariya.
11:17 of 3rd period - Stopped by Jonas Hiller without a rebound.
11:18 of 3rd period - Artem Anisimov wins face-off versus Andy McDonald in Ducks zone.
11:18 of 3rd period - Minor Penalty to Nick Schultz for Slashing.
11:19 of 3rd period - Samuel Pahlsson wins face-off versus Dominic Moore in Ducks zone.
11:20 of 3rd period - Shot by Tim Gleason.
11:20 of 3rd period - Shot Misses the Net.
11:24 of 3rd period - Shot by Samuel Pahlsson.
11:24 of 3rd period - Stopped by Jonas Hiller without a rebound.
11:25 of 3rd period - Patrick Sharp wins face-off versus Christian Hanson in Ducks zone.
12:18 of 3rd period - Shot by Wayne Primeau.
12:18 of 3rd period - Shot Blocked by Tom Poti.
12:20 of 3rd period - Shot by Mattias Ohlund.
12:20 of 3rd period - Shot Misses the Net.
12:22 of 3rd period - Shot by Wayne Primeau.
12:22 of 3rd period - Stopped by Jonas Hiller without a rebound.
12:23 of 3rd period - Manny Malhotra wins face-off versus Josh Bailey in Ducks zone.
13:05 of 3rd period - Shot by Patrick Kane.
13:05 of 3rd period - Stopped by Jonas Hiller without a rebound.
13:06 of 3rd period - Wayne Primeau wins face-off versus Christian Hanson in Ducks zone.
13:07 of 3rd period - Shot by Tim Gleason.
13:07 of 3rd period - Shot Blocked by Henrik Tallinder.
13:09 of 3rd period - Shot by Paul Kariya.
13:09 of 3rd period - Deflect By Chris Neil.
13:09 of 3rd period - Stopped by Jonas Hiller without a rebound.
13:10 of 3rd period - Samuel Pahlsson wins face-off versus Manny Malhotra in Ducks zone.
13:31 of 3rd period - Shot by David Perron.
13:31 of 3rd period - Stopped by Cristobal Huet without a rebound.
13:32 of 3rd period - Andy McDonald wins face-off versus Josh Bailey in BlackHawks zone.
13:45 of 3rd period - Shot by John Erskine.
13:45 of 3rd period - Stopped by Jonas Hiller with a rebound.
14:08 of 3rd period - Icing by Nick Schultz.
14:09 of 3rd period - Samuel Pahlsson wins face-off versus Andy McDonald in Ducks zone.
14:16 of 3rd period - Shot by Paul Kariya.
14:16 of 3rd period - Shot Blocked by Nick Schultz.
14:18 of 3rd period - Shot by Chris Neil.
14:18 of 3rd period - Stopped by Jonas Hiller without a rebound.
14:19 of 3rd period - Manny Malhotra wins face-off versus Artem Anisimov in Ducks zone.
14:23 of 3rd period - Jakub Voracek is hit by Artem Anisimov and loses puck.
14:35 of 3rd period - Manny Malhotra and Mattias Ohlund fight to a draw.
14:35 of 3rd period - Penalty to Manny Malhotra for Fighting.
14:35 of 3rd period - Penalty to Mattias Ohlund for Fighting.
14:36 of 3rd period - Jonathan Toews wins face-off versus Samuel Pahlsson in BlackHawks zone.
14:46 of 3rd period - Tim Gleason is hit by Dustin Byfuglien.
14:53 of 3rd period - Minor Penalty to Chris Neil for Roughing.
14:54 of 3rd period - Patrick Kane wins face-off versus Jonathan Toews in BlackHawks zone.
15:03 of 3rd period - Shot by Marc-Edouard Vlasic.
15:03 of 3rd period - Shot Misses the Net.
15:05 of 3rd period - Shot by Kurtis Foster.
15:05 of 3rd period - Shot Blocked by Adam Foote.
15:09 of 3rd period - Shot by Kurtis Foster.
15:09 of 3rd period - Stopped by Cristobal Huet with a rebound.
15:11 of 3rd period - Shot by Jonathan Toews.
15:11 of 3rd period - Stopped by Cristobal Huet without a rebound.
15:12 of 3rd period - Andy McDonald wins face-off versus Paul Kariya in BlackHawks zone.
15:21 of 3rd period - Shot by Andy McDonald.
15:21 of 3rd period - Stopped by Cristobal Huet without a rebound.
15:22 of 3rd period - Andy McDonald wins face-off versus Patrick Kane in BlackHawks zone.
17:16 of 3rd period - Icing by Rob Scuderi.
17:17 of 3rd period - Andy McDonald wins face-off versus Zenon Konopka in Ducks zone.
17:17 of 3rd period - Andy McDonald is hit by Zenon Konopka.
17:46 of 3rd period - Dominic Moore is hit by Adam Foote and loses puck.
18:14 of 3rd period - Minor Penalty to Christian Hanson for Roughing.
18:15 of 3rd period - Wayne Primeau wins face-off versus Jonathan Toews in Ducks zone.
18:22 of 3rd period - Shot by Josh Bailey.
18:22 of 3rd period - Shot Blocked by Henrik Tallinder.
19:02 of 3rd period - Icing by Henrik Tallinder.
19:03 of 3rd period - Jonathan Toews wins face-off versus Samuel Pahlsson in Ducks zone.
19:03 of 3rd period - Minor Penalty to Chris Neil for Hooking.
19:04 of 3rd period - Paul Kariya wins face-off versus Jonathan Toews in BlackHawks zone.
19:04 of 3rd period - Samuel Pahlsson is hit by Dustin Byfuglien and loses puck.
19:31 of 3rd period - Shot by Marc-Edouard Vlasic.
19:31 of 3rd period - Stopped by Cristobal Huet without a rebound.
19:32 of 3rd period - Andy McDonald wins face-off versus Patrick Kane in BlackHawks zone.


Output by the SimonT Hockey Simulator (STHS) for Stephane Roy -- Original Page W3C XHTML 1.0 Valid